 Dungeon Crawl Stone Soup version 0.25-a0-79-g1d1f32e (webtiles) character file.

Game seed: 10637438768204231877, levelgen mode: deterministic

66 BlackBlood350 the Skirmisher (level 3, -6/33 HPs)
             Began as a Draconian Berserker on Nov 6, 2019.
             Was an Initiate of Okawaru.
             Mangled by a bullfrog (7 damage)
             ... summoned by the darkness of Dithmenos
             ... on level 2 of the Dungeon.
             The game lasted 00:17:17 (2362 turns).

BlackBlood350 the Skirmisher (Draconian Berserker)  Turns: 2362, Time: 00:17:20

Health: -6/33      AC:  6    Str: 20    XL:     3   Next: 96%
Magic:  0/3        EV: 13    Int:  7    God:    Okawaru [......]
Gold:   114        SH:  0    Dex: 10    Spells: 2/2 levels left

rFire    . . .     SeeInvis .   a - +0 hand axe
rCold    . . .     Gourm    .   (no shield)
rNeg     . . .     Faith    .   (armour unavailable)
rPois    .         Spirit   +   (helmet restricted)
rElec    .         Reflect  .   (no cloak)
rCorr    .         Harm     .   (no gloves)
MR       .....                  j - +0 pair of boots
Stlth    +.........             c - amulet of guardian spirit
HPRegen  0.11/turn              (no ring)
MPRegen  0.08/turn              (no ring)

@: no status effects
A: unfitting armour, cold-blooded, AC +5
a: Renounce Religion


You were on level 2 of the Dungeon.
You worshipped Okawaru.
Okawaru was noncommittal.
You were not hungry.

You visited 1 branch of the dungeon, and saw 2 of its levels.

You collected 114 gold pieces.

Inventory:

Hand Weapons
 a - a +0 hand axe (weapon)
 e - a cursed -3 short sword
 g - a +0 club
 l - a +0 club
 n - a +0 whip
 o - a +0 club
 p - a +0 dagger
 q - a cursed -1 short sword
 u - a +0 dagger
Missiles
 h - 22 arrows
 k - 33 stones (quivered)
 x - 19 sling bullets
Armour
 j - a +0 pair of boots (worn)
Jewellery
 c - an amulet of guardian spirit (around neck)
 v - an uncursed amulet of harm {unknown}
Scrolls
 m - a scroll of identify
Potions
 d - a potion of agility {unknown}
 f - a potion of lignification {unknown}
 i - a potion of heal wounds {unknown}
 s - a potion of brilliance {unknown}
Comestibles
 b - 2 rations
 t - 6 chunks of flesh


   Skills:
 + Level 4.1 Fighting
 + Level 3.7 Axes
 + Level 3.1 Dodging
 + Level 0.6 Stealth


You had 2 spell levels left.
You didn't know any spells.
Your spell library was empty.

Dungeon Overview and Level Annotations

Branches:
Dungeon (2/15)

Altars:
Dithmenos
Gozag
Okawaru


Innate Abilities, Weirdness & Mutations

Your plain brown scales are hard. (AC +5)
You cannot fit into any form of body armour.
You are cold-blooded and may be slowed by cold attacks.


Message History

You closely miss the bullfrog. The centaur skeleton hits you.
The bullfrog misses you.
You hit the centaur skeleton.
The centaur skeleton is moderately damaged.
You hit the bullfrog. The bullfrog hits you. The centaur skeleton hits you.
* * * LOW HITPOINT WARNING * * *
The bullfrog hits you.
* * * LOW HITPOINT WARNING * * *
The centaur skeleton barely misses you.
As you read the scroll labeled UTAMEYNTABAT, it crumbles to dust.
You feel blessed for a moment.
It was a scroll of remove curse.
The bullfrog closely misses you.
The centaur skeleton hits you but does no damage.
As you read the scroll labeled EROHIN HIFE, it crumbles to dust.
You experience a momentary feeling of inescapable doom!
It was a scroll of random uselessness.
The bullfrog hits you.
* * * LOW HITPOINT WARNING * * *
The centaur skeleton hits you but does no damage.
The bullfrog hits you!
You die...

##.....
.....##.......####..
#.....
..........#.#..#...# ##.
...#######...._...#.###
#...#.#.......
#.......#.####
#..##.###.# #
#####.........####
#.F...............
#@####.##.###.#### # #Z#
#÷##...#.# # #.###.#
#.####.#.....
###.....####............
#........÷....###.######
#.#####.#####.# #.# #.#
#.# #.# #.. ...


You could see a bullfrog and a centaur skeleton.

Vanquished Creatures
  A worker ant (D:2)
  An adder (D:2)
  A leopard gecko (D:2)
  5 giant cockroaches
  3 goblins
  4 hobgoblins
  3 jackals (D:1)
  4 kobolds
  A quokka (D:2)
  4 bats
  3 frilled lizards
  2 rats (D:2)
32 creatures vanquished.

Notes
Turn   | Place    | Note
-------+----------+-------------------------------------------
     0 | D:1      | BlackBlood350 the Draconian Berserker began the quest for
                  | the Orb.
     0 | D:1      | Reached XP level 1. HP: 19/19 MP: 1/1
   613 | D:1      | Reached XP level 2. HP: 24/26 MP: 2/2
  1852 | D:2      | Paralysed by fainting for 5 turns
  1901 | D:2      | Paralysed by fainting for 7 turns
  1972 | D:2      | Reached skill level 4 in Fighting
  1972 | D:2      | Reached XP level 3. HP: 20/33 MP: 1/3
  1974 | D:2      | Found a faded altar of an unknown god.
  2047 | D:2      | Fell from the grace of Trog
  2047 | D:2      | Became a worshipper of Dithmenos the Shadowed
  2047 | D:2      | Reached * piety under Dithmenos
  2179 | D:2      | Found an opulent altar of Gozag.
  2272 | D:2      | Found an iron altar of Okawaru.
  2277 | D:2      | Fell from the grace of Dithmenos
  2277 | D:2      | Became a worshipper of Warmaster Okawaru
  2355 | D:2      | Noticed a bullfrog
  2362 | D:2      | HP: 1/33 [bullfrog[the darkness of Dithmenos] (3)]
  2362 | D:2      | Mangled by a bullfrog

Levels and vault maps discovered:
D:1:      dpeg_arrival_yet_another_circle, layout_basic, minivault_14
D:2:      layout_loops_ring, nicolae_gozag_seed_capital,
          okawaru_metal_pillars_1_2, lemuel_doored_altar,
          chequers_ecumenical_altar_island, st_stairs_3, trog_butcher_becter

Skill      XL: |  1  2 |
---------------+-------+-----
Fighting       | 4 |  4.1
Dodging        | 3 |  3.1
Axes           | |  3.7
Stealth        | |  0.6

Action                   || total
-------------------------++-------
Melee: Hand axe          ||   122
       Tailslap          ||     8
Invok: Berserk           ||     5
  Use: Scroll            ||     6
  Eat: Chunk             ||     6
       Ration            ||     1
Armor: Skin              ||    65
Dodge: Dodged            ||   130

Table legend:
 A = Non-vault XP
 B = Vault XP
 C = Vault XP percentage of total XP
 D = Non-vault monster count
 E = Vault monster count
 F = Vault count percentage of total count
                 A         B        C        D         E       F
            +---------+---------+-------+---------+---------+-------
      Total |      58 |      37 |  38.9 |      28 |       4 |  12.5
            +---------+---------+-------+---------+---------+-------
        D:1 |      30 |       0 |   0.0 |      16 |       0 |   0.0
        D:2 |      28 |      37 |  56.9 |      12 |       4 |  25.0
            +---------+---------+-------+---------+---------+-------
